General information
- name: Local Game (lljkMata)
- type: Custom game
- host: lljkMata
- saver: lljkMata
map: EchoIsles
- players: 4
- length: 25:07
- speed: Fast
- version: 1.21 W3XP
- replay type: Public
» download(171 KB)
Players
team 1 (winner)
lljkMata (
green | 200 APM | 5035 actions | 25:07)
6 Warden
3 Shadow Strike
2 Fan of Knives
1 Spirit of Vengeance
4 Dark Ranger
2 Black Arrow
2 Life Drain
» actions
| Assign group hotkey | 516 | |
| Basic commands | 2 | |
| Build / train | 90 | |
| ESC pressed | 5 | |
| Enter build submenu | 28 | |
| Enter hero's abilities submenu | 10 | |
| Give item / drop item | 2 | |
| Remove unit from queue | 5 | |
| Right click | 2654 | |
| Select / deselect | 1196 | |
| Select group hotkey | 405 | |
| Use ability | 122 | |
5035 total
» units
| Wisp | 31 | |
| Archer | 9 | |
| Huntress | 2 | |
| Dryad | 21 | |
| Hippogryph | 1 | |
64 total
» buildings
| Altar of Elders | 1 | |
| Moon Well | 8 | |
| Ancient of War | 2 | |
| Tree of Ages | 1 | |
| Hunter's Hall | 2 | |
| Ancient of Wonders | 1 | |
| Ancient of Lore | 2 | |
| Tree of Life | 2 | |
| Ancient of Wind | 2 | |
| Tree of Eternity | 2 | |
| Ancient Protector | 2 | |
25 total
» build order
00:04 Altar of Elders
00:16 Moon Well
00:42 Ancient of War
01:27 Moon Well
02:50 Tree of Ages
04:27 Hunter's Hall
05:16 Hunter's Hall
05:17 Ancient of Wonders
06:35 Moon Well
08:02 Moon Well
08:03 Moon Well
10:35 Ancient of Lore
10:53 Ancient of Lore
11:32 Moon Well
11:33 Moon Well
13:44 Tree of Life
14:32 Moon Well
16:47 Tree of Life
20:49 Ancient of War
21:45 Ancient of Wind
23:17 Tree of Eternity
23:17 Tree of Eternity
23:18 Ancient of Wind
24:23 Ancient Protector
24:37 Ancient Protector
» items
| Pendant of Energy | 1 | |
| Scroll of Town Portal | 2 | |
| Staff of Teleportation | 1 | |
| Potion of Lesser Invulnerability | 1 | |
5 total
team 2 (loser)
Flayl (
red | 83 APM | 2075 actions | 25:06)
7 Death Knight
3 Unholy Aura
3 Death Coil
1 Animate Dead
» actions
| Assign group hotkey | 65 | |
| Basic commands | 60 | |
| Build / train | 75 | |
| ESC pressed | 1 | |
| Enter build submenu | 21 | |
| Enter hero's abilities submenu | 7 | |
| Give item / drop item | 3 | |
| Remove unit from queue | 2 | |
| Right click | 1108 | |
| Select / deselect | 319 | |
| Select group hotkey | 351 | |
| Use ability | 62 | |
2075 total
» units
| Acolyte | 11 | |
| Ghoul | 18 | |
| Gargoyle | 18 | |
| Obsidian Statue | 1 | |
| Frost Wyrm | 1 | |
49 total
» upgrades
| Creature Attack | 2 | |
| Stone Form | 1 | |
3 total
» buildings
| Crypt | 2 | |
| Altar of Darkness | 1 | |
| Ziggurat | 9 | |
| Tomb of Relics | 1 | |
| Halls of the Dead | 1 | |
| Graveyard | 1 | |
| Black Citadel | 1 | |
| Sacrificial Pit | 1 | |
| Slaughterhouse | 1 | |
| Boneyard | 1 | |
| Spirit Tower | 2 | |
| Nerubian Tower | 1 | |
22 total
» build order
00:06 Crypt
00:08 Altar of Darkness
00:31 Ziggurat
00:46 Tomb of Relics
01:14 Ziggurat
02:27 Crypt
02:41 Ziggurat
05:15 Halls of the Dead
05:43 Graveyard
06:48 Ziggurat
10:13 Black Citadel
10:28 Sacrificial Pit
11:12 Slaughterhouse
12:37 Boneyard
16:57 Ziggurat
17:58 Ziggurat
20:10 Ziggurat
21:02 Ziggurat
21:05 Spirit Tower
21:55 Nerubian Tower
23:08 Ziggurat
24:12 Spirit Tower
» items
| Rod of Necromancy | 1 | |
| Dust of Appearance | 1 | |
| Scroll of Town Portal | 1 | |
| Scroll of Healing | 1 | |
| Potion of Lesser Invulnerability | 1 | |
| Orb of Corruption | 1 | |
| Potion of Healing | 2 | |
8 total
observersLevelpart,
BZCHEEGC Chat log
(23:10 / All) lljkMata: crazy game imho
(23:18 / All) Flayl: gay warden
(23:52 / All) Flayl: dryads so cheap ffs
(24:02 / All) lljkMata: i hate everything about ud so now you know how i feel
(25:00 / All) lljkMata: welp
(25:01 / All) Flayl: gay as fuck